[Event "Titled Tuesday Blitz September 28 2021"]
[White "Nesterov, Arseniy"]
[Black "Shtembuliak, Evgeny"]
[WhiteFideId "24198455"]
[BlackFideId "14113325"]
[WhiteElo "2494"]
[BlackElo "2504"]
[Result "0-1"]
[Round "09"]
[TimeControl "180+1"]
[Date "2021.09.28"]
[WhiteClock "0:00:07"]
[BlackClock "0:00:19"]

1. d4 Nf6 2. c4 g6 3. Nc3 d5 4. cxd5 Nxd5 5. e4 Nxc3 6. bxc3 Bg7 7. Qa4+ Qd7 8. Bb5 c6 9. Be2 O-O 10. Qa3 b6 11. Nf3 c5 12. O-O Bb7 13. d5 e6 14. Be3 exd5 15. Rad1 d4 16. cxd4 Bxe4 17. dxc5 Qb7 18. Rfe1 Nd7 19. Ng5 Bc6 20. Bc4 Ne5 21. Ba6 Qc7 22. Bf4 Rfe8 23. Qb3 b5 24. Bxb5 Rab8 25. Bxc6 Qxc6 26. Qd5 Qxd5 27. Rxd5 h6 28. Ne4 f5 29. Nd2 Nc6 30. Rxe8+ Rxe8 31. Kf1 Nd4 32. g3 Rc8 33. Nc4 Ne6 34. Be3 Bf8 35. Nd6 Rc6 36. Ke2 Kg7 37. Kd3 Be7 38. Kc4 a6 39. h4 Kf6 40. h5 Ng7 41. hxg6 Kxg6 42. Bd4 Ne6 43. Nxf5 Bf8 44. Nd6 Nc7 45. Re5 Bxd6 46. Re4 Bf8 47. f4 Kf7 48. f5 Ne8 49. Kd5 Rc8 50. Re6 Rd8+ 51. Kc4 Rc8 52. Be5 Rxc5+ 53. Kd4 Ra5 54. g4 Rxa2 55. Rb6 Ra4+ 56. Kd5 Ra5+ 57. Ke4 Ra4+ 58. Kd5 Rxg4 59. Rb7+ Kg8 60. f6 Nxf6+ 61. Bxf6 a5 62. Ra7 a4 63. Ke6 a3 64. Kf5 Rc4 65. Be7 Bxe7 66. Rxe7 Ra4 67. Re1 Kf8 68. Ra1 a2 69. Ke5 Ke7 70. Kd5 h5 71. Kc5 Ra8 72. Kb5 Kf6 73. Kb4 Kg5 74. Kb3 h4 75. Kb2 Kf4 76. Rf1+ Kg3 77. Ka1 h3 78. Rf7 h2 79. Rg7+ Kf2 80. Rf7+ Kg1 81. Rg7+ Kh1 82. Rg6 Ra4 83. Rg5 Rf4 84. Rg6 Rf1+ 85. Kxa2 Rg1 86. Rh6 Kg2 87. Rg6+ Kf3 88. Rf6+ Ke4 0-1


[Site "https://www.chess.com"]

[Event "Titled Tuesday Blitz September 28 2021"]
[White "Nguyen, Ngoc Truong Son"]
[Black "Wadsworth, Matthew J"]
[WhiteFideId "12401110"]
[BlackFideId "415804"]
[WhiteElo "2596"]
[BlackElo "2293"]
[Result "0-1"]
[Round "09"]
[TimeControl "180+1"]
[Date "2021.09.28"]
[WhiteClock "0:00:07"]
[BlackClock "0:00:28"]

1. d4 Nf6 2. Nf3 c5 3. d5 e6 4. Nc3 d6 5. e4 exd5 6. exd5 Be7 7. Be2 O-O 8. O-O Na6 9. h3 Nc7 10. Bc4 Rb8 11. a4 b6 12. Re1 h6 13. Bf4 Re8 14. Qd3 a6 15. Re3 Bf8 16. Rae1 Rxe3 17. fxe3 Qd7 18. e4 b5 19. axb5 axb5 20. Ba2 b4 21. Nd1 Ba6 22. Bc4 Bxc4 23. Qxc4 Qb5 24. Qxb5 Nxb5 25. Nf2 Ra8 26. Nd2 Nd4 27. c3 bxc3 28. bxc3 Nb5 29. c4 Nd4 30. e5 dxe5 31. Bxe5 Ra2 32. Bxf6 Rxd2 33. Bxd4 Rxd4 34. Re4 Rd2 35. Kf1 f5 36. Re2 Rd4 37. Rc2 Bd6 38. Ke2 Kf7 39. Nd1 Kf6 40. Nb2 g5 41. Rd2 Ke5 42. Nd3+ Kf6 43. Nb2 Re4+ 44. Kd3 Be5 45. Na4 Rd4+ 46. Kc3 Rxd5+ 47. Kc2 Rxd2+ 48. Kxd2 Bd4 49. Nb6 Ke5 50. Kd3 Kf4 51. Ke2 Kg3 52. Kf1 f4 53. Nd5 f3 54. gxf3 Kxf3 55. Ne7 h5 56. Nf5 Be5 0-1


[Site "https://www.chess.com"]

[Event "Titled Tuesday Blitz September 28 2021"]
[White "Noboa Silva, Kevin"]
[Black "Visakh N R"]
[WhiteFideId "3618471"]
[BlackFideId "25012223"]
[WhiteElo "2161"]
[BlackElo "2454"]
[Result "0-1"]
[Round "09"]
[TimeControl "180+1"]
[Date "2021.09.28"]
[WhiteClock "0:00:01"]
[BlackClock "0:00:04"]

1. d4 Nf6 2. c4 e6 3. Nc3 d5 4. cxd5 Nxd5 5. e4 Nxc3 6. bxc3 c5 7. Rb1 cxd4 8. cxd4 Be7 9. Nf3 O-O 10. Be2 b6 11. O-O Bb7 12. Bd3 Nd7 13. Qe2 Rc8 14. Bd2 Qc7 15. h4 h6 16. h5 Qb8 17. Nh2 Nf6 18. e5 Nh7 19. Ng4 Rfd8 20. Be3 Qa8 21. f3 Ng5 22. Rbd1 Bb4 23. Bb1 Kf8 24. Qd3 Rc3 25. Qe2 Rdc8 26. Bxg5 hxg5 27. h6 gxh6 28. Nxh6 Kg7 29. Ng4 Rh8 30. Qd2 Rh5 31. Nf6 Qh8 32. Nxh5+ Qxh5 33. Qf2 g4 34. Rd3 Rxd3 35. Bxd3 gxf3 36. gxf3 Bc3 37. Rd1 Bxf3 38. Rf1 Qg4+ 39. Kh2 Qf4+ 40. Qg3+ Qxg3+ 41. Kxg3 Bd5 42. Rf4 Bxa2 43. Ba6 Bd5 44. Kf2 Bc6 45. Ke3 b5 46. Rh4 b4 47. Kd3 Bd5 48. Rg4+ Kf8 49. Bc4 a5 50. Rg2 a4 51. Ra2 a3 0-1


[Site "https://www.chess.com"]

[Event "Titled Tuesday Blitz September 28 2021"]
[White "Onyshchuk, Volodymyr"]
[Black "Bologan, Victor"]
[WhiteFideId "14114038"]
[BlackFideId "13900048"]
[WhiteElo "2860"]
[BlackElo "2755"]
[Result "1-0"]
[Round "09"]
[TimeControl "180+1"]
[Date "2021.09.28"]
[WhiteClock "0:00:16"]
[BlackClock "0:00:02"]

1. Nf3 d6 2. g3 e5 3. Bg2 f5 4. c4 Nf6 5. Nc3 g6 6. O-O Bg7 7. d3 O-O 8. Rb1 h6 9. b4 g5 10. a4 f4 11. a5 c6 12. Ba3 a6 13. Qb3 Be6 14. Qc2 Nbd7 15. b5 c5 16. bxa6 bxa6 17. Nd2 Ra7 18. Qa4 Qe8 19. Nde4 Qh5 20. Qc6 Ng4 21. h3 Ngf6 22. g4 Bxg4 23. hxg4 Nxg4 24. Rfc1 Qh2+ 25. Kf1 Ne3+ 26. Ke1 Nxg2+ 27. Kd2 f3 28. Rh1 Qf4+ 29. e3 Qf7 30. Nxd6 Qe6 31. Qd5 Qxd5 32. Nxd5 g4 33. Ne4 Rd8 34. Rh5 Kf7 35. Bxc5 Nxc5 36. Nxc5 Kg6 37. Rhh1 h5 38. Rb6+ Kg5 39. Ne4+ Kf5 40. Rxh5# 1-0


[Site "https://www.chess.com"]

[Event "Titled Tuesday Blitz September 28 2021"]
[White "Oparin, Grigoriy"]
[Black "Zubov, Alexander"]
[WhiteFideId "24125890"]
[BlackFideId "14109409"]
[WhiteElo "2918"]
[BlackElo "2976"]
[Result "1-0"]
[Round "09"]
[TimeControl "180+1"]
[Date "2021.09.28"]
[WhiteClock "0:00:47"]
[BlackClock "0:00:03"]

1. Nf3 d5 2. g3 c6 3. Bg2 Nf6 4. c4 Bg4 5. Ne5 Be6 6. cxd5 Bxd5 7. Nf3 c5 8. Nc3 Bc6 9. O-O e6 10. Re1 Be7 11. e4 O-O 12. d4 cxd4 13. Nxd4 Bc5 14. Be3 Bb6 15. e5 Nd5 16. Nxc6 bxc6 17. Bd2 Nd7 18. Qg4 Kh8 19. Rad1 f5 20. Qe2 f4 21. Rf1 Qg5 22. Nxd5 cxd5 23. Bxf4 Rxf4 24. gxf4 Qxf4 25. Kh1 Nxe5 26. h3 Rf8 27. b3 h6 28. Rde1 Rf5 29. Qd1 Bc7 30. Qc1 Nd3 31. Qxf4 Nxf4 32. Rc1 Bb6 33. Rc3 Kh7 34. b4 Rg5 35. Rg3 Re5 36. Bf3 g5 37. a4 a5 38. bxa5 Bxa5 39. Bd1 Kg7 40. Re3 Rf5 41. Bg4 Rf6 42. Rb1 h5 43. Bd1 d4 44. Re5 Kh6 45. Rxa5 1-0


[Site "https://www.chess.com"]

[Event "Titled Tuesday Blitz September 28 2021"]
[White "Pajeken, Jakob Leon"]
[Black "Quirke, Jeffrey"]
[WhiteFideId "12942839"]
[BlackFideId "2013029"]
[WhiteElo "2351"]
[BlackElo "2254"]
[Result "1-0"]
[Round "09"]
[TimeControl "180+1"]
[Date "2021.09.28"]
[WhiteClock "0:01:00"]
[BlackClock "0:00:09"]

1. d4 d5 2. Nf3 e6 3. Bf4 Bd6 4. Bg3 Nf6 5. e3 c5 6. c3 Qc7 7. Nbd2 Nbd7 8. Bd3 b6 9. e4 Bxg3 10. hxg3 dxe4 11. Nxe4 Bb7 12. Qe2 h6 13. O-O O-O 14. Rad1 cxd4 15. Nxd4 a6 16. g4 Nxe4 17. Bxe4 Bxe4 18. Qxe4 Nf6 19. Qf3 Rac8 20. Rfe1 Rfd8 21. g3 Qc4 22. a3 Qd5 23. Qe2 Qg5 24. f3 h5 25. Qxa6 hxg4 26. f4 Qh5 27. Qe2 Qh7 28. Qc2 g6 29. Qb3 Rd5 30. Re5 Rxe5 31. fxe5 Nd5 32. Ne2 Qh3 33. Rxd5 exd5 34. Qxd5 Kg7 35. e6 Rh8 36. e7 Qh2+ 37. Kf1 Qh3+ 38. Ke1 Qh1+ 39. Qxh1 Rxh1+ 40. Kf2 Rh8 41. Nf4 Re8 42. Nd5 b5 43. Ke3 f6 44. Kd4 Kf7 45. Kc5 Rb8 46. b4 Rh8 47. Kxb5 Rh3 48. Kc6 Rxg3 49. Kd7 1-0


[Site "https://www.chess.com"]

[Event "Titled Tuesday Blitz September 28 2021"]
[White "Pakleza, Zbigniew"]
[Black "Avramidou, Anastasia"]
[WhiteFideId "1119290"]
[BlackFideId "4239873"]
[WhiteElo "2526"]
[BlackElo "2183"]
[Result "0-1"]
[Round "09"]
[TimeControl "180+1"]
[Date "2021.09.28"]
[WhiteClock "0:00:08"]
[BlackClock "0:00:14"]

1. d3 Nf6 2. e4 g6 3. Nf3 Bg7 4. Be2 O-O 5. O-O d5 6. Nbd2 c5 7. c3 Nc6 8. Re1 b6 9. a3 Bb7 10. Bf1 Qc7 11. e5 Nd7 12. d4 e6 13. b4 a5 14. b5 Ne7 15. a4 Rae8 16. h4 h6 17. Bd3 cxd4 18. cxd4 Qc3 19. Nb3 f6 20. Ba3 Qc8 21. Rc1 Qd8 22. exf6 Rxf6 23. Ne5 Nxe5 24. dxe5 Rf4 25. g3 Rxa4 26. Bd6 Nf5 27. Bxf5 exf5 28. Nc5 bxc5 29. Qxa4 c4 30. Ra1 Qc8 31. Qxa5 d4 32. Qc7 c3 33. Ra7 Qxc7 34. Bxc7 Be4 35. b6 d3 36. b7 d2 37. Rf1 Bxb7 38. Ba5 Bf3 39. Rd7 d1=Q 40. Rfxd1 Bxd1 41. Rxd1 Bxe5 42. Rc1 Rc8 43. Kf1 c2 44. Ke2 Bb2 45. Bd2 Bxc1 46. Bxc1 Kg7 47. Kd3 h5 48. f3 Kf7 49. Kd4 Ke6 50. Kd3 Kd5 51. Ke2 Kc4 52. Ke3 Kb3 53. Kf4 Rc6 54. Kg5 Ka2 55. g4 hxg4 56. fxg4 fxg4 57. Kxg4 Kb1 58. Bf4 c1=Q 59. Bxc1 Kxc1 60. Kg5 Kd2 61. h5 gxh5 62. Kxh5 Ke3 0-1


[Site "https://www.chess.com"]

[Event "Titled Tuesday Blitz September 28 2021"]
[White "Perez Ponsa, Federico"]
[Black "Andreikin, Dmitry"]
[WhiteFideId "117927"]
[BlackFideId "4158814"]
[WhiteElo "2874"]
[BlackElo "3029"]
[Result "1-0"]
[Round "09"]
[TimeControl "180+1"]
[Date "2021.09.28"]
[WhiteClock "0:01:17"]
[BlackClock "0:00:06"]

1. d4 d5 2. Nf3 Nf6 3. Bf4 c5 4. e3 Nc6 5. Nbd2 g6 6. c3 Bg7 7. Be2 O-O 8. O-O Nh5 9. Bg5 h6 10. Bh4 g5 11. Ne1 gxh4 12. Bxh5 e5 13. dxe5 Nxe5 14. Ndf3 Be6 15. Nxe5 Bxe5 16. Nd3 Bd6 17. Qf3 Qg5 18. h3 Rad8 19. Rad1 Kh8 20. Nf4 Rg8 21. Kh1 Qe5 22. Bg4 f5 23. Bh5 Rg5 24. Rd2 Bc7 25. Rfd1 Bg8 26. Qe2 d4 27. cxd4 cxd4 28. Rxd4 Rxd4 29. Rxd4 Bxa2 30. Bf3 Bf7 31. Rd7 Be8 32. Rd5 Qe7 33. Qd1 Bc6 34. Rd4 Be5 35. Rd8+ Kh7 36. Bxc6 bxc6 37. Rd7 Rg7 38. Rxe7 Rxe7 39. Qc2 Rf7 40. Qxc6 Rc7 41. Qg6+ Kh8 42. Qe8+ Kh7 43. Qxe5 Rf7 44. Qe6 Kg7 45. Qg6+ Kf8 46. Qxh6+ Ke7 47. Qxh4+ Kd6 48. Qh5 Kc5 49. Qxf7 Kb4 50. Qd5 a5 51. Nd3+ Ka4 52. Qc4# 1-0


[Site "https://www.chess.com"]

[Event "Titled Tuesday Blitz September 28 2021"]
[White "Pourkashiyan, Atousa"]
[Black "Nazaretyan, Tigran"]
[WhiteFideId "12502014"]
[BlackFideId "24162345"]
[WhiteElo "2285"]
[BlackElo "2212"]
[Result "0-1"]
[Round "09"]
[TimeControl "180+1"]
[Date "2021.09.28"]
[WhiteClock "0:00:12"]
[BlackClock "0:00:46"]

1. e4 c5 2. Nf3 Nc6 3. d4 cxd4 4. Nxd4 Nf6 5. Nc3 d6 6. Bc4 e5 7. Nf3 h6 8. O-O Be6 9. Bd5 Bxd5 10. Nxd5 Nxe4 11. Re1 Nf6 12. c4 Be7 13. c5 dxc5 14. Nxe7 Qxd1 15. Rxd1 Kxe7 16. Be3 b6 17. Re1 Nd5 18. Bd2 f6 19. Nh4 Kf7 20. Nf5 Rhd8 21. a3 a5 22. Rac1 h5 23. Ng3 g6 24. Ne4 Nd4 25. Be3 Nb3 26. Rcd1 a4 27. Kf1 Nxe3+ 28. fxe3 f5 29. Nc3 Nd2+ 30. Ke2 Nc4 31. Rxd8 Rxd8 32. Nxa4 Rd2+ 33. Kf1 f4 34. exf4 exf4 35. Nc3 Ne3+ 36. Kg1 Rxg2+ 37. Kh1 Rxb2 38. a4 g5 39. Ne4 Kg6 40. h4 g4 41. a5 bxa5 42. Nxc5 g3 43. Nd3 Rh2+ 44. Kg1 Kf5 45. Rb1 Rd2 46. Nxf4 Kxf4 47. Re1 Rd1 48. Rxd1 Nxd1 49. Kg2 Ne3+ 50. Kh3 g2 51. Kh2 Kf3 52. Kg1 a4 53. Kh2 a3 54. Kh3 a2 55. Kh2 a1=Q 56. Kh3 Qh1# 0-1


[Site "https://www.chess.com"]

[Event "Titled Tuesday Blitz September 28 2021"]
[White "Pridorozhni, Aleksei"]
[Black "Kovalchuk94"]
[WhiteFideId "4127870"]
[WhiteElo "2565"]
[BlackElo "2683"]
[Result "1-0"]
[Round "09"]
[TimeControl "180+1"]
[Date "2021.09.28"]
[WhiteClock "0:00:44"]
[BlackClock "0:00:01"]

1. e4 e5 2. f4 exf4 3. Bc4 Nc6 4. d4 g5 5. h4 Bg7 6. c3 Qe7 7. Nd2 Nf6 8. hxg5 Nxe4 9. Nxe4 Qxe4+ 10. Qe2 Qxe2+ 11. Nxe2 h6 12. gxh6 Rxh6 13. Rxh6 Bxh6 14. Bxf4 Bxf4 15. Nxf4 d6 16. Kf2 Na5 17. Bd3 Bd7 18. Re1+ Kf8 19. Rh1 Re8 20. d5 b6 21. Ba6 b5 22. Rh8+ Kg7 23. Rxe8 Bxe8 24. b3 Kf6 25. Ke3 Ke5 26. g3 c6 27. dxc6 Bxc6 28. Nd3+ Kf5 29. Bc8+ Kf6 30. Nb4 Ke7 31. Nxc6+ Nxc6 32. b4 a5 33. a3 axb4 34. axb4 Kd8 35. Bb7 Kc7 36. Ba8 Ne5 37. Bd5 f6 38. Ke4 Kd7 39. Kf5 Ke7 40. Bg2 Nc4 41. Ke4 Ke6 42. Bh3+ Ke7 43. Kd4 Na3 44. Kd5 Nb1 45. c4 bxc4 46. Kxc4 Na3+ 47. Kd5 Nb5 48. Bf1 Nc3+ 49. Kd4 Nd1 50. b5 Kd7 51. Be2 Nf2 52. Ke3 Nh1 53. Kf3 1-0


[Site "https://www.chess.com"]

[Event "Titled Tuesday Blitz September 28 2021"]
[White "Przybylski, Wojciech"]
[Black "Iskusnyh, Sergei"]
[WhiteFideId "1117599"]
[BlackFideId "4120027"]
[WhiteElo "2285"]
[BlackElo "2492"]
[Result "1-0"]
[Round "09"]
[TimeControl "180+1"]
[Date "2021.09.28"]
[WhiteClock "0:00:10"]
[BlackClock "0:00:09"]

1. e4 e6 2. d4 d5 3. Nc3 Nf6 4. Bg5 dxe4 5. Nxe4 Nbd7 6. Nxf6+ Nxf6 7. Nf3 h6 8. Be3 Bd6 9. Bd3 O-O 10. O-O b6 11. c4 Bb7 12. h3 c5 13. Be2 Qc7 14. Qc1 Rfd8 15. Rd1 Ne4 16. Bd3 Rac8 17. b3 cxd4 18. Nxd4 Be5 19. Be2 a6 20. Qc2 Rd7 21. Rac1 Rcd8 22. Nf3 Bf4 23. Bxf4 Qxf4 24. Rxd7 Rxd7 25. Rd1 Qc7 26. Rxd7 Qxd7 27. Qd3 Qc7 28. Nd2 Nc5 29. Qe3 a5 30. Bf3 Bxf3 31. Nxf3 Qd6 32. Qd4 Qe7 33. g3 f6 34. Kg2 Qb7 35. Qd8+ Kh7 36. Qd4 e5 37. Qe3 Qd7 38. Kh2 Qd1 39. Nd2 Qc2 40. a3 f5 41. b4 axb4 42. axb4 Nd7 43. Nf3 e4 44. Nd4 Kg6 45. Nxc2 Ne5 46. Nd4 Kf6 47. c5 bxc5 48. bxc5 g5 49. Qc3 Ke7 50. Nxf5+ Ke6 51. Qxe5+ Kxe5 52. Nxh6 Kd5 53. Ng4 Kxc5 54. Kg2 Kd4 55. Ne3 Ke5 56. Kf1 Kd4 57. Ke2 Ke5 58. Nc2 Kd5 59. Ke3 Ke5 60. Nd4 Kd5 61. Ne2 Ke5 62. Nc3 1-0


[Site "https://www.chess.com"]

[Event "Titled Tuesday Blitz September 28 2021"]
[White "Quintiliano Pinto, Renato R."]
[Black "Sokolovsky, Yahli"]
[WhiteFideId "2117568"]
[BlackFideId "2820242"]
[WhiteElo "2439"]
[BlackElo "1770"]
[Result "1-0"]
[Round "09"]
[TimeControl "180+1"]
[Date "2021.09.28"]
[WhiteClock "0:00:17"]
[BlackClock "0:00:17"]

1. d4 d6 2. e4 g6 3. Nc3 Bg7 4. g3 a6 5. Bg2 b5 6. a3 Bb7 7. Nge2 Nf6 8. h3 O-O 9. Bg5 h6 10. Be3 Nbd7 11. Qd2 Kh7 12. g4 c5 13. g5 hxg5 14. Bxg5 cxd4 15. Nxd4 Qb6 16. h4 Nxe4 17. Nxe4 Qxd4 18. Qxd4 Bxd4 19. O-O-O Bg7 20. Bxe7 Rfe8 21. Ng5+ Kg8 22. Bxb7 Rab8 23. Bd5 Rxe7 24. Rhe1 Be5 25. Kb1 Kf8 26. Nxf7 Rxf7 27. Bxf7 Kxf7 28. f4 Bf6 29. Rxd6 Nc5 30. Rc6 Na4 31. Rc7+ Kg8 32. c3 Nb6 33. Re6 Bxh4 34. Rxg6+ Kf8 35. Rh6 Bd8 36. Rh8# 1-0


[Site "https://www.chess.com"]

[Event "Titled Tuesday Blitz September 28 2021"]
[White "Reprintsev, Alexander"]
[Black "Gabrielian, Artur"]
[WhiteFideId "14100541"]
[BlackFideId "4131002"]
[WhiteElo "2126"]
[BlackElo "2489"]
[Result "1-0"]
[Round "09"]
[TimeControl "180+1"]
[Date "2021.09.28"]
[WhiteClock "0:00:03"]
[BlackClock "0:01:36"]

1. e4 e5 2. Nf3 Nc6 3. Bc4 Nf6 4. Ng5 d5 5. exd5 Na5 6. Bb5+ c6 7. dxc6 bxc6 8. Bd3 Be7 9. Nc3 h6 10. Nge4 Nd5 11. Ng3 Nf4 12. Be4 h5 13. d3 h4 14. Nge2 f5 15. Nxf4 exf4 16. Bf3 h3 17. Bh5+ Kf8 18. gxh3 Bh4 19. Kf1 Qd4 20. Qf3 Rxh5 21. Ne2 Qd5 22. Qxd5 cxd5 23. Nxf4 Rh7 24. Rg1 Bf6 25. Nxd5 Nc6 26. Nxf6 gxf6 27. c3 Rxh3 28. Bf4 Ne5 29. d4 Ba6+ 30. Kg2 Bb7+ 31. Kxh3 Nd3 32. Bh6+ Kf7 33. Rg7+ Ke6 34. Rxb7 Rh8 35. Kg3 Rxh6 36. Kf3 Rh3+ 37. Ke2 Nf4+ 38. Kd2 Rxh2 39. Re1+ Kd6 40. Rf1 Nh3 41. Rxa7 Nxf2 42. Ke3 Ng4+ 43. Kf4 Rxb2 44. Ra6+ Kd5 45. a4 Kc4 46. a5 Kd3 47. Ra8 Nh2 48. Rg1 Rf2+ 49. Kg3 Rc2 50. Rg2 Nf1+ 51. Kh3 Rxc3 52. Rag8 Ke4+ 53. Kh4 Ne3 54. Re8+ Kxd4 55. Rg3 f4 56. Rf3 Nf5+ 57. Kg4 Ne3+ 58. Kxf4 Nd5+ 59. Kg4 f5+ 60. Kg3 f4+ 61. Kf2 Rc2+ 62. Re2 Rc6 63. Ra3 Ne3 64. Rd2+ Ke4 65. a6 Rc1 66. Ra4+ Kf5 67. a7 Ng4+ 68. Ke2 Ne5 69. Rd5 f3+ 70. Kd2 f2 71. Rxe5+ Kxe5 72. a8=Q Rd1+ 73. Kc2 f1=Q 74. Qe8+ Kd6 75. Qd8+ Kc5 76. Qxd1 Qf5+ 77. Qd3 Qf2+ 78. Qd2 Qf5+ 79. Kb2 Kb6 80. Qb4+ Kc7 81. Qc4+ Kb7 82. Rb4+ Ka7 83. Qa2+ 1-0


[Site "https://www.chess.com"]

[Event "Titled Tuesday Blitz September 28 2021"]
[White "Rodchenkov, Vitaly"]
[Black "Szente Varga, Fruzsina"]
[WhiteFideId "4152964"]
[BlackFideId "712264"]
[WhiteElo "2337"]
[BlackElo "2106"]
[Result "1-0"]
[Round "09"]
[TimeControl "180+1"]
[Date "2021.09.28"]
[WhiteClock "0:01:37"]
[BlackClock "0:00:19"]

1. Nf3 Nf6 2. c4 g6 3. b4 Bg7 4. Bb2 O-O 5. g3 c6 6. Bg2 d5 7. cxd5 cxd5 8. O-O Re8 9. Qb3 Nbd7 10. Nc3 Nb6 11. d3 d4 12. Nb5 e5 13. Ng5 Qe7 14. Rfc1 h6 15. Ne4 Be6 16. Nxf6+ Qxf6 17. Qd1 Re7 18. Nc7 Rb8 19. Nxe6 Qxe6 20. Qb3 Qg4 21. Bf3 Qg5 22. h4 Qf6 23. a4 g5 24. hxg5 hxg5 25. a5 Nc8 26. b5 Nd6 27. Ba3 Rd7 28. Kg2 Nf5 29. Be4 g4 30. Rh1 Ne7 31. Rac1 Ng6 32. b6 axb6 33. axb6 Qg5 34. Rc7 Qd8 35. Rhc1 Nf8 36. Bf5 Rd5 37. Bxg4 Ne6 38. Bxe6 fxe6 39. f3 Qg5 40. Rc8+ Rxc8 41. Rxc8+ Kh7 42. Bc1 Qh5 43. g4 Qh4 44. Rc7 Qe1 45. Qc2 Rd6 46. Qd2 Qh4 47. Qg5 Qxg5 48. Bxg5 Rxb6 49. Bf6 Kg6 50. Bxg7 Rb2 51. Kf2 b5 52. Bxe5 b4 53. Bxd4 Rb1 54. Rb7 b3 55. f4 1-0


[Site "https://www.chess.com"]

[Event "Titled Tuesday Blitz September 28 2021"]
[White "Rogac, Srdjan"]
[Black "Krivonosov, Oleg"]
[WhiteFideId "920576"]
[BlackFideId "11600349"]
[WhiteElo "2389"]
[BlackElo "2469"]
[Result "0-1"]
[Round "09"]
[TimeControl "180+1"]
[Date "2021.09.28"]
[WhiteClock "0:01:24"]
[BlackClock "0:01:17"]

1. Nf3 d5 2. c4 e6 3. b3 Nf6 4. Bb2 Be7 5. g3 O-O 6. Bg2 c5 7. O-O Nc6 8. e3 b6 9. Qe2 Bb7 10. Rd1 Rc8 11. d3 Qc7 12. Nc3 Rfd8 13. Rac1 Qb8 14. cxd5 Nxd5 15. Nxd5 Rxd5 16. d4 cxd4 17. Nxd4 Nxd4 18. Bxd4 Rdd8 19. Qg4 Bf8 20. Rxc8 Rxc8 21. Be5 Qa8 22. Bxb7 Qxb7 23. Qe2 b5 24. Bb2 a6 25. Rc1 Rxc1+ 26. Bxc1 Qc6 27. Qd1 f6 28. Bb2 e5 29. Qc1 Qxc1+ 30. Bxc1 e4 31. f3 f5 32. Kf2 Kf7 33. h3 g6 34. fxe4 fxe4 35. g4 Bd6 36. Bd2 Ke6 37. Bc3 Kd5 38. Ke2 h5 39. gxh5 gxh5 40. Bd4 Ke6 41. Kf2 Kf5 42. Bc3 Ke6 43. Bg7 Bc5 44. Ke2 Kf5 45. Bh6 Bd6 46. Bg7 Kg6 47. Bc3 Bc5 48. Be1 Kf5 49. a4 bxa4 50. bxa4 Ke6 51. Bf2 Kd5 52. Kd2 Kc4 53. Kc2 Bb6 54. Bg1 Kb4 55. Bf2 Kxa4 56. Kc3 Kb5 57. Kb3 a5 58. Kc3 a4 59. Kc2 Kc4 0-1


[Site "https://www.chess.com"]

[Event "Titled Tuesday Blitz September 28 2021"]
[White "Rottenwohrer Suarez, Juan"]
[Black "Nurmanova, Alua"]
[WhiteFideId "32068182"]
[BlackFideId "13729390"]
[WhiteElo "2158"]
[BlackElo "1869"]
[Result "0-1"]
[Round "09"]
[TimeControl "180+1"]
[Date "2021.09.28"]
[WhiteClock "0:00:03"]
[BlackClock "0:00:30"]

1. c4 Nf6 2. Nf3 g6 3. g3 Bg7 4. Bg2 O-O 5. O-O d6 6. d4 Nbd7 7. Nc3 e5 8. e4 exd4 9. Nxd4 Re8 10. b3 Nc5 11. f3 c6 12. Be3 a5 13. Qd2 Bd7 14. Rad1 Qc8 15. Nc2 Bh3 16. Qxd6 Bxg2 17. Kxg2 Ne6 18. Na4 Rd8 19. Qa3 Nd7 20. Rxd7 Qxd7 21. Nb6 Qd3 22. Nxa8 Qxc2+ 23. Rf2 Qc3 24. Bc1 Rxa8 25. Qd6 Rd8 26. Qa3 Bf8 27. Qb2 Qxb2 28. Bxb2 Bb4 29. Re2 Rd2 30. Rxd2 Bxd2 31. Kf2 Kf8 32. Ke2 Bb4 33. f4 Ke7 34. Ke3 Bc5+ 35. Kd3 Bg1 36. h3 Bf2 37. f5 Nc5+ 38. Ke2 Bxg3 39. fxg6 hxg6 40. Kf3 Bd6 41. Bc3 b6 42. Bd2 Ke6 43. Be3 Bc7 44. h4 Nd3 45. Bd4 Nc1 0-1


[Site "https://www.chess.com"]

[Event "Titled Tuesday Blitz September 28 2021"]
[White "Rozhkov, Viacheslav"]
[Black "Suvorov, Alexander"]
[WhiteFideId "4181484"]
[BlackFideId "12977063"]
[WhiteElo "2324"]
[BlackElo "2221"]
[Result "0-1"]
[Round "09"]
[TimeControl "180+1"]
[Date "2021.09.28"]
[WhiteClock "0:00:07"]
[BlackClock "0:00:35"]

1. e4 g6 2. d4 Bg7 3. Nc3 d6 4. Be3 Nf6 5. Qd2 c6 6. a4 O-O 7. Bh6 e5 8. Bxg7 Kxg7 9. O-O-O Nbd7 10. Nf3 Qa5 11. dxe5 dxe5 12. Qd6 Qc5 13. Qxc5 Nxc5 14. Nxe5 Nfxe4 15. Nxe4 Nxe4 16. Nd3 Bf5 17. f3 Nf6 18. Nf4 g5 19. Ne2 Rad8 20. Rxd8 Rxd8 21. Ng3 Bg6 22. h4 h6 23. Be2 Rd4 24. hxg5 hxg5 25. b3 Nd5 26. Rd1 Rxd1+ 27. Bxd1 Nf4 28. a5 Nxg2 29. b4 Ne3 30. Kd2 Nd5 31. c3 f5 32. Bc2 f4 33. Ne4 Ne3 34. Bd3 g4 35. fxg4 Nxg4 36. a6 bxa6 37. Nc5 Ne5 38. Bxg6 Kxg6 39. Nxa6 Kf5 40. Nc5 f3 41. Ke3 Kg4 42. Ne4 Nc4+ 43. Kf2 Kf4 44. Nc5 Ne5 45. Ne6+ Ke4 46. c4 Nxc4 47. Ng5+ Kd4 48. Nxf3+ Kc3 49. Ne5 Nxe5 0-1


[Site "https://www.chess.com"]

[Event "Titled Tuesday Blitz September 28 2021"]
[White "Rozman, Levy"]
[Black "Seemann, Jakub"]
[WhiteFideId "2039877"]
[BlackFideId "21874697"]
[WhiteElo "2376"]
[BlackElo "1849"]
[Result "1-0"]
[Round "09"]
[TimeControl "180+1"]
[Date "2021.09.28"]
[WhiteClock "0:00:16"]
[BlackClock "0:00:03"]

1. d4 Nf6 2. Bf4 e6 3. Nc3 d5 4. Nb5 Na6 5. e3 c6 6. Nc3 Nc7 7. a3 Bd6 8. Nf3 O-O 9. Bd3 b6 10. Ne5 Bb7 11. Qf3 c5 12. h4 c4 13. Bxc4 Bxe5 14. Bxe5 dxc4 15. Qxb7 Nfd5 16. Bxc7 Nxc7 17. Qf3 Qd7 18. h5 h6 19. Rh3 b5 20. Rg3 Kh8 21. Kf1 a5 22. Ne4 Qd5 23. Qf4 Ne8 24. c3 f5 25. f3 e5 26. dxe5 Nc7 27. Nf2 Ne6 28. Qh4 Qd2 29. Rd1 Qxb2 30. Rg6 Rae8 31. Kg1 Qxc3 32. Rd6 Qxe5 33. Rd7 Qxe3 34. Kh1 c3 35. Nd1 Qc1 36. Kh2 c2 37. Nf2 Qf4+ 38. Qxf4 Nxf4 39. Rgxg7 Nxh5 40. Rh7+ Kg8 41. Nd3 Re3 42. Rxh6 Rxd3 43. Rg6+ Ng7 44. Rgxg7+ Kh8 45. Rh7+ Kg8 46. Rdg7# 1-0


[Site "https://www.chess.com"]

[Event "Titled Tuesday Blitz September 28 2021"]
[White "Rustemov, Alexander"]
[Black "Tologon tegin, Semetei"]
[WhiteFideId "4119002"]
[BlackFideId "13800574"]
[WhiteElo "2756"]
[BlackElo "2224"]
[Result "0-1"]
[Round "09"]
[TimeControl "180+1"]
[Date "2021.09.28"]
[WhiteClock "0:00:01"]
[BlackClock "0:00:03"]

1. d4 Nf6 2. c4 e6 3. Nf3 b6 4. Nc3 Bb7 5. a3 g6 6. Bf4 Bg7 7. h3 O-O 8. e3 Ne4 9. Nxe4 Bxe4 10. Bd3 Bxd3 11. Qxd3 d6 12. O-O Nd7 13. Rfd1 Qe7 14. Bg3 e5 15. dxe5 Nxe5 16. Bxe5 Bxe5 17. Nxe5 Qxe5 18. b4 a5 19. Qd5 Rfe8 20. Rac1 axb4 21. axb4 Ra4 22. b5 Ra2 23. Qxe5 Rxe5 24. Ra1 Rc2 25. Rd4 Rf5 26. f4 Rc5 27. Ra4 f5 28. g4 Kf7 29. g5 Ke6 30. h4 d5 31. cxd5+ Rxd5 32. Rxd5 Kxd5 33. Rd4+ Ke6 34. Rd8 Rb2 35. Rh8 Kd5 36. Rxh7 Ke4 37. Rxc7 Kxe3 38. Rc6 Rxb5 39. Rxg6 Kxf4 40. h5 Kg3 41. Kf1 f4 42. Rf6 f3 43. Ke1 Rxg5 44. h6 Rh5 45. Kd2 b5 46. Ke3 Re5+ 47. Kd4 Re7 48. Rg6+ Kh2 49. Rg7 f2 50. Rxe7 f1=Q 51. h7 Qf6+ 52. Kd5 b4 53. Rb7 Qf3+ 54. Kc5 Qc3+ 0-1


[Site "https://www.chess.com"]